WCHLSIM.com - West Coast Hockey League
html PUBLIC "-//W3C//DTD XHTML 1.0 Transitional//EN" "http://www.w3.org/TR/xhtml1/DTD/xhtml1-transitional.dtd"> WCHL - Game 796 - RENO LIONS vs SAN JOSE BRONCOS

RENO LIONS vs SAN JOSE BRONCOS

Created - 17 mars 2021 at 20:07

Goals
1 2 3 OT1 SO T
RENO LIONS 1 1 0 0 1 3
SAN JOSE BRONCOS 0 0 2 0 0 2
Shots
1 2 3 OT1 SO T
RENO LIONS 8 11 10 1 3 30
SAN JOSE BRONCOS 12 10 10 3 3 35

1st period

1. RENO LIONS , William Karlsson 22 (Anders Lee 28, Cam Atkinson 13) at 12:51

Penalties :
Oliver Bjorkstrand (SJO) for High sticking (Minor) at 0:05, Oscar Klefbom (REN) for Hooking (Minor) at 0:05

2nd period

2. RENO LIONS , Tomas Nosek 4 (Blake Coleman 18, Oliver Ekman-Larsson 8) at 1:49

Penalties :
No Penalty

3rd period

3. SAN JOSE BRONCOS , Evgeni Malkin 20 (Claude Giroux 23) at 10:29
4. SAN JOSE BRONCOS , Anthony Beauvillier 9 (Nick Bonino 8, Craig Smith 13) at 12:21

Penalties :
William Karlsson (REN) for Slashing (Minor) at 0:25, Chris Tanev (SJO) for Holding (Minor) at 5:55, Elias Lindholm (SJO) for Roughing (Minor) at 14:55, Marco Scandella (SJO) for Hooking (Minor) at 17:28

Overtime #1

No Goal

Penalties :
No Penalty

Shootout

RENO LIONS, Elias Pettersson - Shot Misses the Net
SAN JOSE BRONCOS, Evgeni Malkin - Shot Misses the Net
RENO LIONS, Pierre-Luc Dubois - Shot Misses the Net
SAN JOSE BRONCOS, Brayden Point - Stopped by Thomas Greiss
RENO LIONS, Evgeny Dadonov - Goal!
SAN JOSE BRONCOS, Elias Lindholm - Stopped by Thomas Greiss

Penalties :
No Penalty

Goalie Stats

Thomas Greiss (REN), 33 saves from 35 shots - (0,943), W, 10-5-3, 65:00 minutes
Jacob Markstrom (SJO), 28 saves from 30 shots - (0,933), OTL, 25-10-6, 65:00 minutes

Players Stats for RENO LIONS

Player Name              G  A  P  +/- PIM S  H  SB GA TA FO     MP     PP MP  PK MP  
------------------------------------------------------------------------------------
Anders Lee               0  1  1   0  0   3  1  0  0  0  0/0    18:43   2:37   0:03 
Blake Coleman            0  1  1   1  0   2  2  0  0  0  0/0    12:38   0:00   0:00 
Cam Atkinson             0  1  1   0  0   4  0  0  0  0  0/1    18:37   2:37   0:00 
Colton Sceviour          0  0  0   0  0   0  2  0  0  0  2/5     5:09   0:00   0:00 
Elias Pettersson         0  0  0  -1  0   3  2  0  0  0  6/26   23:16   3:20   0:00 
Ethan Bear               0  0  0   0  0   0  0  0  0  0  0/0    16:42   0:00   0:54 
Evgeny Dadonov           0  0  0  -1  0   4  0  0  0  0  0/0    22:56   3:20   0:00 
Jacob Trouba             0  0  0  -1  0   0  2  2  0  0  0/0    25:22   2:48   1:05 
Leo Komarov              0  0  0   1  0   2  3  0  0  0  0/0    13:06   0:00   0:28 
Melker Karlsson          0  0  0   0  0   0  0  0  0  0  0/0     6:37   0:00   1:28 
Oliver Ekman-Larsson     0  1  1   1  0   1  2  0  0  0  0/0    20:37   2:48   0:00 
Oscar Klefbom            0  0  0  -1  2   1  1  0  0  0  0/0    25:28   3:09   1:05 
Pierre-Luc Dubois        0  0  0  -1  0   0  1  0  0  0  0/6    22:59   3:20   0:00 
Robert Hagg              0  0  0   0  0   1  0  0  0  0  0/0    15:48   0:00   0:00 
Ryan Pulock              0  0  0   1  0   1  0  2  0  0  0/0    21:02   3:09   0:54 
Tomas Nosek              1  0  1   1  0   2  1  0  0  0  7/18   14:06   0:00   1:28 
Vincent Hinostroza       0  0  0   0  0   1  0  0  0  0  0/0     6:30   0:00   0:31 
William Karlsson         1  0  1   0  2   5  0  0  0  0  12/25  21:24   2:37   0:00 

Players Stats for SAN JOSE BRONCOS

Player Name              G  A  P  +/- PIM S  H  SB GA TA FO     MP     PP MP  PK MP  
------------------------------------------------------------------------------------
Anthony Beauvillier      1  0  1   0  0   4  0  0  0  0  0/0    11:51   0:00   0:00 
Brayden Point            0  0  0  -1  0   3  0  0  0  0  10/15  21:56   1:05   0:00 
Charlie Coyle            0  0  0   0  0   1  0  0  0  0  5/6     6:51   0:00   0:21 
Chris Tanev              0  0  0   1  2   0  2  0  0  0  0/0    22:04   0:54   2:05 
Claude Giroux            0  1  1   1  0   11 1  0  0  0  5/7    23:37   0:54   2:50 
Connor Brown             0  0  0   1  0   0  0  0  0  0  0/1    17:00   1:05   0:00 
Craig Smith              0  1  1   0  0   1  1  0  0  0  0/1    10:47   0:00   0:00 
David Kampf              0  0  0   0  0   0  0  0  0  0  0/0     6:30   0:00   0:00 
Elias Lindholm           0  0  0  -1  2   1  3  0  0  0  3/5    19:01   1:05   0:00 
Evgeni Malkin            1  0  1   1  0   8  1  0  0  0  19/26  21:32   0:54   2:46 
Hampus Lindholm          0  0  0   1  0   0  1  0  0  0  0/0    22:30   0:54   2:30 
Jaccob Slavin            0  0  0  -1  0   0  1  0  0  0  0/0    27:36   1:05   2:58 
Marco Scandella          0  0  0   0  2   1  0  0  0  0  0/0    14:53   0:00   1:22 
Matt Irwin               0  0  0   0  0   0  2  1  0  0  0/0    12:28   0:00   0:00 
Neal Pionk               0  0  0  -1  0   0  2  0  0  0  0/0    25:27   1:05   2:59 
Nick Bonino              0  1  1   0  0   1  0  1  0  0  12/17  13:58   0:00   3:11 
Oliver Bjorkstrand       0  0  0  -1  2   3  0  0  0  0  0/2    22:29   0:54   2:46 
Tyler Motte              0  0  0   0  0   1  0  0  0  0  0/1     6:30   0:00   0:00 

3 Stars

1 - Thomas Greiss (REN)
2 - Tomas Nosek (REN)
3 - Evgeni Malkin (SJO)

Power Play

RENO LIONS - 0 on 3 Attempt(s) - 0,00%
SAN JOSE BRONCOS - 0 on 1 Attempt(s) - 0,00%

Penalty Kill

RENO LIONS - 1 on 1 Attempt(s) - 100,00% - Score 0 goal in Penalty Kill
SAN JOSE BRONCOS - 3 on 3 Attempt(s) - 100,00% - Score 0 goal in Penalty Kill

Team Stat

RENO LIONS - Hits : 17 - Faceoff Wins : 27 - Blocked Shots : 4 - Penalty Minutes : 4
SAN JOSE BRONCOS - Hits : 14 - Faceoff Wins : 54 - Blocked Shots : 2 - Penalty Minutes : 8

Official

Referees : Mike Duco and Tim Mayer
Linesman : Luke Galvin and Bevan Mills

Game Notes

No Game Note

Finance

Level 1 -- Attendance: 5742 (95,70%) -- Ticket Income 803 880 $
Level 2 -- Attendance: 3985 (79,70%) -- Ticket Income 442 335 $
Level 3 -- Attendance: 2000 (100,00%) -- Ticket Income 160 000 $
Level 4 -- Attendance: 4000 (100,00%) -- Ticket Income 160 000 $
Luxury Box -- Attendance: 1000 (100,00%) -- Ticket Income 280 000 $
Total Attendance: 16727 (92,93%)
Total Ticket Income: 1 846 215 $
Other Expense: 18 462 $
Total Income: 1 827 753 $

RENO LIONS

5 vs 5 Forward 
   Center                   Left Wing                Right Wing               Time % Phy DF OF 
 1 Elias Pettersson         Pierre-Luc Dubois        Evgeny Dadonov           33     1   1  3  
 2 William Karlsson         Anders Lee               Cam Atkinson             33     1   1  3  
 3 Tomas Nosek              Blake Coleman            Leo Komarov              24     1   2  2  
 4 Colton Sceviour          Melker Karlsson          Vincent Hinostroza       10     1   2  2  

5 vs 5 Defense 
   Defense                  Defense                                           Time % Phy DF OF 
 1 Oscar Klefbom            Jacob Trouba                                      36     1   1  3  
 2 Oliver Ekman-Larsson     Ryan Pulock                                       36     1   2  2  
 3 Robert Hagg              Ethan Bear                                        23     1   2  2  
 4 Oscar Klefbom            Jacob Trouba                                      5      1   2  2  

PowerPlay Forward 
   Center                   Left Wing                Right Wing               Time % Phy DF OF 
 1 Elias Pettersson         Pierre-Luc Dubois        Evgeny Dadonov           55     1   0  4  
 2 William Karlsson         Anders Lee               Cam Atkinson             45     1   0  4  

PowerPlay Defense
   Defense                  Defense                                           Time % Phy DF OF 
 1 Oscar Klefbom            Ryan Pulock                                       55     0   1  4  
 2 Oliver Ekman-Larsson     Jacob Trouba                                      45     0   1  4  

Penalty Kill 4 Players Forward 
   Center                   Wing                     Time % Phy DF OF 
 1 Tomas Nosek              Melker Karlsson          55     1   3  1  
 2 Leo Komarov              Vincent Hinostroza       45     1   3  1  

Penalty Kill 4 Players Defense
   Defense                  Defense                  Time % Phy DF OF 
 1 Oscar Klefbom            Jacob Trouba             55     1   3  1  
 2 Ethan Bear               Ryan Pulock              45     1   3  1  

Penalty Kill - 3 Players Forward 
   Forward                                           Time % Phy DF OF 
 1 William Karlsson                                  55     0   5  0  
 2 Elias Pettersson                                  45     0   5  0  

Penalty Kill - 3 Players Defense
   Defense                  Defense                  Time % Phy DF OF 
 1 Ethan Bear               Jacob Trouba             55     0   5  0  
 2 Oscar Klefbom            Robert Hagg              45     0   5  0  

4 vs 4 Forward 
   Center                   Wing                     Time % Phy DF OF 
 1 Pierre-Luc Dubois        Evgeny Dadonov           60     1   2  2  
 2 Elias Pettersson         Vincent Hinostroza       40     1   2  2  

4 vs 4 Defense
   Defense                  Defense                  Time % Phy DF OF 
 1 Ethan Bear               Robert Hagg              60     1   2  2  
 2 Oliver Ekman-Larsson     Oscar Klefbom            40     1   2  2  

Last Minutes Offensive
   Center                   Left Wing                Right Wing               Defense                  Defense                  
   Elias Pettersson         Pierre-Luc Dubois        Evgeny Dadonov           Oscar Klefbom            Ryan Pulock              

Last Minutes Defensive
   Center                   Left Wing                Right Wing               Defense                  Defense                  
   William Karlsson         Blake Coleman            Cam Atkinson             Oscar Klefbom            Jacob Trouba             

Goaltenders
Starting : Thomas Greiss            
Backup : Jaroslav Halak           

Extra Forwards
Normal : Anders Lee, Blake Coleman, Cam Atkinson - PP : Vincent Hinostroza, Leo Komarov - PK : Melker Karlsson
Extra Defensemen
Normal : Jacob Trouba, Oliver Ekman-Larsson, Ryan Pulock - PP : Robert Hagg - PK : Ethan Bear, Ryan Pulock
Penalty Shots
Elias Pettersson, Pierre-Luc Dubois, Evgeny Dadonov, William Karlsson, Anders Lee
Custom OT Lines Forwards
Elias Pettersson, William Karlsson, Evgeny Dadonov, Pierre-Luc Dubois, Anders Lee, Blake Coleman, Leo Komarov, Tomas Nosek, Melker Karlsson, Vincent Hinostroza
Custom OT Lines Defensemen
Oscar Klefbom, Jacob Trouba, Oliver Ekman-Larsson, Ryan Pulock, Ethan Bear

Scratches
Jayce Hawryluk (Healthy)

SAN JOSE BRONCOS

5 vs 5 Forward 
   Center                   Left Wing                Right Wing               Time % Phy DF OF 
 1 Brayden Point            Oliver Bjorkstrand       Elias Lindholm           36     1   2  2  
 2 Evgeni Malkin            Claude Giroux            Connor Brown             33     1   2  2  
 3 Nick Bonino              Anthony Beauvillier      Craig Smith              25     1   2  2  
 4 Charlie Coyle            Tyler Motte              David Kampf              6      1   2  2  

5 vs 5 Defense 
   Defense                  Defense                                           Time % Phy DF OF 
 1 Jaccob Slavin            Neal Pionk                                        40     1   2  2  
 2 Chris Tanev              Hampus Lindholm                                   35     1   2  2  
 3 Marco Scandella          Matt Irwin                                        25     1   2  2  
 4 Jaccob Slavin            Neal Pionk                                        0      1   2  2  

PowerPlay Forward 
   Center                   Left Wing                Right Wing               Time % Phy DF OF 
 1 Brayden Point            Elias Lindholm           Connor Brown             58     1   2  2  
 2 Evgeni Malkin            Claude Giroux            Oliver Bjorkstrand       42     1   2  2  

PowerPlay Defense
   Defense                  Defense                                           Time % Phy DF OF 
 1 Jaccob Slavin            Neal Pionk                                        58     1   2  2  
 2 Hampus Lindholm          Chris Tanev                                       42     1   2  2  

Penalty Kill 4 Players Forward 
   Center                   Wing                     Time % Phy DF OF 
 1 Evgeni Malkin            Oliver Bjorkstrand       50     1   2  2  
 2 Nick Bonino              Claude Giroux            50     1   2  2  

Penalty Kill 4 Players Defense
   Defense                  Defense                  Time % Phy DF OF 
 1 Jaccob Slavin            Chris Tanev              50     1   2  2  
 2 Neal Pionk               Hampus Lindholm          50     1   2  2  

Penalty Kill - 3 Players Forward 
   Forward                                           Time % Phy DF OF 
 1 Nick Bonino                                       50     1   2  2  
 2 Evgeni Malkin                                     50     1   2  2  

Penalty Kill - 3 Players Defense
   Defense                  Defense                  Time % Phy DF OF 
 1 Jaccob Slavin            Chris Tanev              55     1   2  2  
 2 Marco Scandella          Hampus Lindholm          45     1   2  2  

4 vs 4 Forward 
   Center                   Wing                     Time % Phy DF OF 
 1 Brayden Point            Claude Giroux            50     1   2  2  
 2 Elias Lindholm           Anthony Beauvillier      50     1   2  2  

4 vs 4 Defense
   Defense                  Defense                  Time % Phy DF OF 
 1 Chris Tanev              Hampus Lindholm          50     1   2  2  
 2 Marco Scandella          Jaccob Slavin            50     1   2  2  

Last Minutes Offensive
   Center                   Left Wing                Right Wing               Defense                  Defense                  
   Evgeni Malkin            Claude Giroux            Elias Lindholm           Jaccob Slavin            Neal Pionk               

Last Minutes Defensive
   Center                   Left Wing                Right Wing               Defense                  Defense                  
   Evgeni Malkin            Oliver Bjorkstrand       Connor Brown             Chris Tanev              Jaccob Slavin            

Goaltenders
Starting : Jacob Markstrom          
Backup : Petr Mrazek              

Extra Forwards
Normal : Connor Brown, Elias Lindholm, Charlie Coyle - PP : Oliver Bjorkstrand, Anthony Beauvillier - PK : Charlie Coyle
Extra Defensemen
Normal : Chris Tanev, Neal Pionk, Hampus Lindholm - PP : Chris Tanev - PK : Chris Tanev, Marco Scandella
Penalty Shots
Evgeni Malkin, Brayden Point, Elias Lindholm, Claude Giroux, Oliver Bjorkstrand
Custom OT Lines Forwards
Brayden Point, Claude Giroux, Evgeni Malkin, Oliver Bjorkstrand, Elias Lindholm, Connor Brown, Nick Bonino, Craig Smith, Charlie Coyle, Anthony Beauvillier
Custom OT Lines Defensemen
Jaccob Slavin, Neal Pionk, Chris Tanev, Hampus Lindholm, Marco Scandella

Scratches
Adam Pelech (Right Leg Injury)

% Time on Ice - RENO LIONS

Lines # - Real PCT - Wanted PCT - Time Play
Normal Forward
1 - 33% - 33% - 16:18
2 - 32% - 33% - 16:00
3 - 25% - 24% - 12:38
4 - 10% - 10% - 5:09
Normal Defense
1 - 35% - 36% - 17:17
2 - 34% - 36% - 16:55
3 - 29% - 23% - 14:43
4 - 2% - 5% - 1:10
PP Forward
1 - 56% - 55% - 3:20
2 - 44% - 45% - 2:37
PP Defense
1 - 53% - 55% - 3:09
2 - 47% - 45% - 2:48
PK Forward
1 - 76% - 55% - 1:31
2 - 24% - 45% - 0:28
PK Defense
1 - 55% - 55% - 1:05
2 - 45% - 45% - 0:54
PK3 Forward
1 - 0% - 55%
2 - 0% - 45%
PK3 Defense
1 - 0% - 55%
2 - 0% - 45%
44 Forward
1 - 58% - 60% - 1:09
2 - 42% - 40% - 0:50
44 Defense
1 - 55% - 60% - 1:05
2 - 45% - 40% - 0:54
Last Minute Offensive  - 0:00
Last Minute Defensive  - 0:00
Total
Forward - 60:00
Defense - 60:00

% Time on Ice - SAN JOSE BRONCOS

Lines # - Real PCT - Wanted PCT - Time Play
Normal Forward
1 - 34% - 36% - 16:53
2 - 32% - 33% - 15:55
3 - 22% - 25% - 10:47
4 - 13% - 6% - 6:30
Normal Defense
1 - 39% - 40% - 19:26
2 - 36% - 35% - 18:11
3 - 25% - 25% - 12:28
4 - 0% - 0% - 0:00
PP Forward
1 - 55% - 58% - 1:05
2 - 45% - 42% - 0:54
PP Defense
1 - 55% - 58% - 1:05
2 - 45% - 42% - 0:54
PK Forward
1 - 46% - 50% - 2:46
2 - 54% - 50% - 3:11
PK Defense
1 - 59% - 50% - 3:32
2 - 41% - 50% - 2:25
PK3 Forward
1 - 0% - 50%
2 - 0% - 50%
PK3 Defense
1 - 0% - 55%
2 - 0% - 45%
44 Forward
1 - 46% - 50% - 0:55
2 - 54% - 50% - 1:04
44 Defense
1 - 46% - 50% - 0:55
2 - 54% - 50% - 1:04
Last Minute Offensive  - 0:00
Last Minute Defensive  - 0:00
Total
Forward - 60:00
Defense - 60:00

Play-by-Play

1st period


0:01 of 1st period - Brayden Point wins face-off versus Elias Pettersson in neutral zone.
0:05 of 1st period - Minor Penalty to Oliver Bjorkstrand for High sticking.
0:05 of 1st period - Minor Penalty to Oscar Klefbom for Hooking.
0:06 of 1st period - Brayden Point wins face-off versus Pierre-Luc Dubois in RENO LIONS zone.
1:10 of 1st period - Shot by Elias Lindholm.
1:10 of 1st period - Deflect By Anthony Beauvillier.
1:10 of 1st period - Stopped by Thomas Greiss without a rebound.
1:11 of 1st period - Elias Pettersson wins face-off versus Elias Lindholm in RENO LIONS zone.
2:11 of 1st period - Icing by Oscar Klefbom.
2:12 of 1st period - Evgeni Malkin wins face-off versus William Karlsson in RENO LIONS zone.
2:29 of 1st period - Shot by Evgeni Malkin.
2:29 of 1st period - Shot Misses the Net.
2:47 of 1st period - Shot by Claude Giroux.
2:47 of 1st period - Stopped by Thomas Greiss without a rebound.
2:48 of 1st period - Tomas Nosek wins face-off versus Elias Lindholm in RENO LIONS zone.
3:06 of 1st period - Ryan Pulock is hit by Elias Lindholm and loses puck.
4:01 of 1st period - Evgeny Dadonov is hit by Matt Irwin and loses puck.
4:18 of 1st period - Shot by Elias Pettersson.
4:18 of 1st period - Stopped by Jacob Markstrom without a rebound.
4:19 of 1st period - William Karlsson wins face-off versus Evgeni Malkin in SAN JOSE BRONCOS zone.
4:33 of 1st period - Connor Brown is hit by Jacob Trouba and loses puck.
4:36 of 1st period - Shot by Connor Brown.
4:36 of 1st period - Shot Misses the Net.
4:38 of 1st period - Shot by Evgeni Malkin.
4:38 of 1st period - Stopped by Thomas Greiss without a rebound.
4:39 of 1st period - Charlie Coyle wins face-off versus Elias Pettersson in RENO LIONS zone.
6:07 of 1st period - Shot by Brayden Point.
6:07 of 1st period - Stopped by Thomas Greiss without a rebound.
6:08 of 1st period - Evgeni Malkin wins face-off versus Colton Sceviour in RENO LIONS zone.
6:12 of 1st period - Shot by Evgeni Malkin.
6:12 of 1st period - Shot Misses the Net.
6:59 of 1st period - Icing by Jacob Trouba.
7:00 of 1st period - Nick Bonino wins face-off versus Colton Sceviour in RENO LIONS zone.
7:58 of 1st period - Shot by Oliver Bjorkstrand.
7:58 of 1st period - Stopped by Thomas Greiss without a rebound.
7:59 of 1st period - Elias Lindholm wins face-off versus Elias Pettersson in RENO LIONS zone.
8:02 of 1st period - Shot by Brayden Point.
8:02 of 1st period - Stopped by Thomas Greiss with a rebound.
8:17 of 1st period - Elias Pettersson is hit by Hampus Lindholm and loses puck.
8:47 of 1st period - Shot by Brayden Point.
8:47 of 1st period - Shot Misses the Net.
9:00 of 1st period - Icing by Robert Hagg.
9:01 of 1st period - Evgeni Malkin wins face-off versus Pierre-Luc Dubois in RENO LIONS zone.
9:22 of 1st period - Icing by Claude Giroux.
9:23 of 1st period - Tomas Nosek wins face-off versus Evgeni Malkin in SAN JOSE BRONCOS zone.
9:34 of 1st period - Shot by Evgeni Malkin.
9:34 of 1st period - Stopped by Thomas Greiss without a rebound.
9:35 of 1st period - William Karlsson wins face-off versus Nick Bonino in RENO LIONS zone.
11:41 of 1st period - Shot by Evgeny Dadonov.
11:41 of 1st period - Stopped by Jacob Markstrom without a rebound.
11:42 of 1st period - Brayden Point wins face-off versus Colton Sceviour in SAN JOSE BRONCOS zone.
12:44 of 1st period - Anders Lee is hit by Chris Tanev and loses puck.
12:48 of 1st period - William Karlsson is hit by Chris Tanev and loses puck.
12:51 of 1st period - Shot by William Karlsson.
12:51 of 1st period - Goal by William Karlsson - RENO LIONS : 1 - SAN JOSE BRONCOS : 0.
12:52 of 1st period - Elias Pettersson wins face-off versus Nick Bonino in neutral zone.
12:59 of 1st period - Shot by Evgeny Dadonov.
12:59 of 1st period - Stopped by Jacob Markstrom without a rebound.
13:00 of 1st period - Evgeni Malkin wins face-off versus Tomas Nosek in SAN JOSE BRONCOS zone.
13:00 of 1st period - Evgeni Malkin is hit by Blake Coleman.
13:03 of 1st period - Claude Giroux is hit by Leo Komarov and loses puck.
13:20 of 1st period - Shot by Evgeni Malkin.
13:20 of 1st period - Deflect By Claude Giroux.
13:20 of 1st period - Shot Blocked by Ryan Pulock.
13:24 of 1st period - Shot by Evgeni Malkin.
13:24 of 1st period - Shot Blocked by Ryan Pulock.
13:26 of 1st period - Shot by Evgeni Malkin.
13:26 of 1st period - Shot Misses the Net.
13:28 of 1st period - Shot by Claude Giroux.
13:28 of 1st period - Shot Misses the Net.
13:30 of 1st period - Shot by Evgeni Malkin.
13:30 of 1st period - Deflect By Claude Giroux.
13:30 of 1st period - Stopped by Thomas Greiss without a rebound.
13:31 of 1st period - Nick Bonino wins face-off versus Elias Pettersson in RENO LIONS zone.
13:31 of 1st period - Nick Bonino is hit by Oscar Klefbom.
13:33 of 1st period - Shot by Craig Smith.
13:33 of 1st period - Shot Blocked by Jacob Trouba.
13:35 of 1st period - Shot by Marco Scandella.
13:35 of 1st period - Stopped by Thomas Greiss without a rebound.
13:36 of 1st period - Nick Bonino wins face-off versus Elias Pettersson in RENO LIONS zone.
13:47 of 1st period - Shot by Anthony Beauvillier.
13:47 of 1st period - Stopped by Thomas Greiss without a rebound.
13:48 of 1st period - Elias Lindholm wins face-off versus William Karlsson in RENO LIONS zone.
13:49 of 1st period - Shot by Brayden Point.
13:49 of 1st period - Stopped by Thomas Greiss with a rebound.
14:00 of 1st period - Off-side.
14:01 of 1st period - Elias Pettersson wins face-off versus Nick Bonino in neutral zone.
14:04 of 1st period - Shot by Oscar Klefbom.
14:04 of 1st period - Shot Blocked by Matt Irwin.
14:16 of 1st period - Shot by Elias Pettersson.
14:16 of 1st period - Stopped by Jacob Markstrom with a rebound.
14:19 of 1st period - Icing by Marco Scandella.
14:20 of 1st period - Nick Bonino wins face-off versus Tomas Nosek in SAN JOSE BRONCOS zone.
15:33 of 1st period - Icing by Jaccob Slavin.
15:34 of 1st period - Brayden Point wins face-off versus Elias Pettersson in SAN JOSE BRONCOS zone.
15:34 of 1st period - Brayden Point is hit by Pierre-Luc Dubois.
16:16 of 1st period - Shot by Claude Giroux.
16:16 of 1st period - Stopped by Thomas Greiss without a rebound.
16:17 of 1st period - Charlie Coyle wins face-off versus William Karlsson in RENO LIONS zone.
16:17 of 1st period - Hampus Lindholm is hit by Oliver Ekman-Larsson and loses puck.
17:04 of 1st period - Shot by Anders Lee.
17:04 of 1st period - Stopped by Jacob Markstrom without a rebound.
17:05 of 1st period - Evgeni Malkin wins face-off versus Elias Pettersson in SAN JOSE BRONCOS zone.
18:01 of 1st period - Icing by Matt Irwin.
18:02 of 1st period - Evgeni Malkin wins face-off versus Tomas Nosek in SAN JOSE BRONCOS zone.
18:02 of 1st period - Evgeni Malkin is hit by Blake Coleman.
18:26 of 1st period - Jaccob Slavin is hit by Leo Komarov and loses puck.
18:43 of 1st period - Shot by Tomas Nosek.
18:43 of 1st period - Stopped by Jacob Markstrom without a rebound.
18:44 of 1st period - William Karlsson wins face-off versus Nick Bonino in SAN JOSE BRONCOS zone.
18:49 of 1st period - Shot by Anders Lee.
18:49 of 1st period - Stopped by Jacob Markstrom without a rebound.
18:50 of 1st period - Nick Bonino wins face-off versus William Karlsson in SAN JOSE BRONCOS zone.
18:50 of 1st period - Nick Bonino is hit by Anders Lee.
19:05 of 1st period - Icing by Jacob Trouba.
19:06 of 1st period - William Karlsson wins face-off versus Brayden Point in RENO LIONS zone.
19:20 of 1st period - William Karlsson is hit by Neal Pionk.
19:41 of 1st period - William Karlsson is hit by Neal Pionk and loses puck.
Goals for this period are 1 for RENO LIONS vs 0 for SAN JOSE BRONCOS.
Shots for this period are 8 for RENO LIONS vs 12 for SAN JOSE BRONCOS.

2nd period


0:01 of 2nd period - Elias Pettersson wins face-off versus Evgeni Malkin in neutral zone.
0:55 of 2nd period - Icing by Oscar Klefbom.
0:56 of 2nd period - Nick Bonino wins face-off versus Elias Pettersson in RENO LIONS zone.
1:03 of 2nd period - Shot by Nick Bonino.
1:03 of 2nd period - Shot Blocked by Jacob Trouba.
1:49 of 2nd period - Shot by Blake Coleman.
1:49 of 2nd period - Deflect By Tomas Nosek.
1:49 of 2nd period - Goal by Tomas Nosek - RENO LIONS : 2 - SAN JOSE BRONCOS : 0.
1:50 of 2nd period - Brayden Point wins face-off versus William Karlsson in neutral zone.
2:17 of 2nd period - Off-side.
2:18 of 2nd period - Colton Sceviour wins face-off versus Evgeni Malkin in neutral zone.
2:21 of 2nd period - Evgeni Malkin is hit by Colton Sceviour and loses puck.
2:40 of 2nd period - Shot by Evgeni Malkin.
2:40 of 2nd period - Shot Misses the Net.
2:42 of 2nd period - Shot by Evgeni Malkin.
2:42 of 2nd period - Stopped by Thomas Greiss without a rebound.
2:43 of 2nd period - Tomas Nosek wins face-off versus Brayden Point in RENO LIONS zone.
2:56 of 2nd period - Jaccob Slavin is hit by Leo Komarov and loses puck.
3:09 of 2nd period - Shot by Elias Lindholm.
3:09 of 2nd period - Stopped by Thomas Greiss without a rebound.
3:10 of 2nd period - Elias Pettersson wins face-off versus Evgeni Malkin in RENO LIONS zone.
3:23 of 2nd period - Icing by Elias Pettersson.
3:24 of 2nd period - Brayden Point wins face-off versus Elias Pettersson in RENO LIONS zone.
3:30 of 2nd period - Icing by Oliver Ekman-Larsson.
3:31 of 2nd period - Evgeni Malkin wins face-off versus Elias Pettersson in RENO LIONS zone.
3:32 of 2nd period - Shot by Claude Giroux.
3:32 of 2nd period - Shot Misses the Net.
3:52 of 2nd period - Shot by Claude Giroux.
3:52 of 2nd period - Stopped by Thomas Greiss without a rebound.
3:53 of 2nd period - Brayden Point wins face-off versus Cam Atkinson in RENO LIONS zone.
4:12 of 2nd period - Shot by Brayden Point.
4:12 of 2nd period - Shot Misses the Net.
4:28 of 2nd period - Shot by Cam Atkinson.
4:28 of 2nd period - Deflect By Anders Lee.
4:28 of 2nd period - Shot Misses the Net.
4:30 of 2nd period - Shot by William Karlsson.
4:30 of 2nd period - Shot Misses the Net.
5:02 of 2nd period - Oliver Bjorkstrand is hit by Tomas Nosek and loses puck.
5:09 of 2nd period - Shot by Blake Coleman.
5:09 of 2nd period - Deflect By Leo Komarov.
5:09 of 2nd period - Stopped by Jacob Markstrom without a rebound.
5:10 of 2nd period - Elias Pettersson wins face-off versus Craig Smith in SAN JOSE BRONCOS zone.
5:37 of 2nd period - Off-side.
5:38 of 2nd period - Evgeni Malkin wins face-off versus Tomas Nosek in neutral zone.
5:53 of 2nd period - Shot by Claude Giroux.
5:53 of 2nd period - Stopped by Thomas Greiss with a rebound.
5:55 of 2nd period - Shot by Claude Giroux.
5:55 of 2nd period - Stopped by Thomas Greiss without a rebound.
5:56 of 2nd period - Charlie Coyle wins face-off versus William Karlsson in RENO LIONS zone.
6:19 of 2nd period - Shot by William Karlsson.
6:19 of 2nd period - Stopped by Jacob Markstrom with a rebound.
6:21 of 2nd period - Shot by Anders Lee.
6:21 of 2nd period - Stopped by Jacob Markstrom with a rebound.
6:23 of 2nd period - Shot by Cam Atkinson.
6:23 of 2nd period - Shot Misses the Net.
6:25 of 2nd period - Shot by William Karlsson.
6:25 of 2nd period - Shot Hit the Post.
6:27 of 2nd period - Shot by Cam Atkinson.
6:27 of 2nd period - Stopped by Jacob Markstrom with a rebound.
7:09 of 2nd period - Off-side.
7:10 of 2nd period - Evgeni Malkin wins face-off versus Tomas Nosek in neutral zone.
7:42 of 2nd period - Shot by Claude Giroux.
7:42 of 2nd period - Stopped by Thomas Greiss with a rebound.
7:44 of 2nd period - Shot by Neal Pionk.
7:44 of 2nd period - Shot Misses the Net.
7:46 of 2nd period - Shot by Neal Pionk.
7:46 of 2nd period - Shot Misses the Net.
7:50 of 2nd period - Shot by Claude Giroux.
7:50 of 2nd period - Shot Hit the Post.
7:52 of 2nd period - Shot by Evgeni Malkin.
7:52 of 2nd period - Shot Misses the Net.
7:54 of 2nd period - Shot by Evgeni Malkin.
7:54 of 2nd period - Deflect By Connor Brown.
7:54 of 2nd period - Shot Misses the Net.
9:31 of 2nd period - Shot by Anders Lee.
9:31 of 2nd period - Shot Misses the Net.
9:39 of 2nd period - Shot by William Karlsson.
9:39 of 2nd period - Shot Blocked by Nick Bonino.
9:41 of 2nd period - Shot by Oscar Klefbom.
9:41 of 2nd period - Stopped by Jacob Markstrom without a rebound.
9:42 of 2nd period - Colton Sceviour wins face-off versus Brayden Point in SAN JOSE BRONCOS zone.
9:55 of 2nd period - Shot by Elias Lindholm.
9:55 of 2nd period - Shot Misses the Net.
11:19 of 2nd period - Shot by Cam Atkinson.
11:19 of 2nd period - Stopped by Jacob Markstrom without a rebound.
11:20 of 2nd period - Charlie Coyle wins face-off versus Elias Pettersson in SAN JOSE BRONCOS zone.
13:25 of 2nd period - Shot by William Karlsson.
13:25 of 2nd period - Shot Misses the Net.
13:42 of 2nd period - Off-side.
13:43 of 2nd period - Tomas Nosek wins face-off versus Nick Bonino in neutral zone.
13:46 of 2nd period - Shot by Blake Coleman.
13:46 of 2nd period - Stopped by Jacob Markstrom without a rebound.
13:47 of 2nd period - Tomas Nosek wins face-off versus Connor Brown in SAN JOSE BRONCOS zone.
13:47 of 2nd period - Oscar Klefbom is hit by Jaccob Slavin and loses puck.
13:55 of 2nd period - Claude Giroux is hit by Jacob Trouba and loses puck.
14:12 of 2nd period - Shot by Evgeni Malkin.
14:12 of 2nd period - Stopped by Thomas Greiss with a rebound.
15:27 of 2nd period - Shot by William Karlsson.
15:27 of 2nd period - Shot Misses the Net.
15:53 of 2nd period - Ethan Bear is hit by Craig Smith and loses puck.
17:12 of 2nd period - Icing by Tomas Nosek.
17:13 of 2nd period - Evgeni Malkin wins face-off versus Tomas Nosek in RENO LIONS zone.
17:56 of 2nd period - Shot by Claude Giroux.
17:56 of 2nd period - Stopped by Thomas Greiss without a rebound.
17:57 of 2nd period - William Karlsson wins face-off versus Charlie Coyle in RENO LIONS zone.
18:12 of 2nd period - Shot by William Karlsson.
18:12 of 2nd period - Stopped by Jacob Markstrom with a rebound.
18:14 of 2nd period - Shot by Robert Hagg.
18:14 of 2nd period - Stopped by Jacob Markstrom without a rebound.
18:15 of 2nd period - Nick Bonino wins face-off versus Elias Pettersson in SAN JOSE BRONCOS zone.
18:20 of 2nd period - Shot by Anthony Beauvillier.
18:20 of 2nd period - Stopped by Thomas Greiss with a rebound.
18:22 of 2nd period - Shot by Nick Bonino.
18:22 of 2nd period - Stopped by Thomas Greiss without a rebound.
18:23 of 2nd period - William Karlsson wins face-off versus Brayden Point in RENO LIONS zone.
18:32 of 2nd period - Shot by Anders Lee.
18:32 of 2nd period - Deflect By Cam Atkinson.
18:32 of 2nd period - Shot Misses the Net.
18:40 of 2nd period - Shot by Cam Atkinson.
18:40 of 2nd period - Shot Misses the Net.
18:42 of 2nd period - Shot by William Karlsson.
18:42 of 2nd period - Shot Misses the Net.
18:44 of 2nd period - Shot by Cam Atkinson.
18:44 of 2nd period - Stopped by Jacob Markstrom without a rebound.
18:45 of 2nd period - Evgeni Malkin wins face-off versus Elias Pettersson in SAN JOSE BRONCOS zone.
19:06 of 2nd period - Elias Pettersson is hit by Evgeni Malkin and loses puck.
Goals for this period are 1 for RENO LIONS vs 0 for SAN JOSE BRONCOS.
Shots for this period are 11 for RENO LIONS vs 10 for SAN JOSE BRONCOS.

3rd period


0:01 of 3rd period - William Karlsson wins face-off versus Brayden Point in neutral zone.
0:25 of 3rd period - Minor Penalty to William Karlsson for Slashing.
0:26 of 3rd period - Tomas Nosek wins face-off versus Evgeni Malkin in RENO LIONS zone.
1:25 of 3rd period - Shot by Connor Brown.
1:25 of 3rd period - Shot Misses the Net.
1:41 of 3rd period - Shot by Connor Brown.
1:41 of 3rd period - Shot Misses the Net.
1:50 of 3rd period - Icing by Brayden Point.
1:51 of 3rd period - Brayden Point wins face-off versus Tomas Nosek in SAN JOSE BRONCOS zone.
2:42 of 3rd period - Shot by Craig Smith.
2:42 of 3rd period - Shot Misses the Net.
2:44 of 3rd period - Shot by Craig Smith.
2:44 of 3rd period - Stopped by Thomas Greiss without a rebound.
2:45 of 3rd period - Charlie Coyle wins face-off versus Elias Pettersson in RENO LIONS zone.
3:30 of 3rd period - Shot by Elias Pettersson.
3:30 of 3rd period - Deflect By Evgeny Dadonov.
3:30 of 3rd period - Stopped by Jacob Markstrom without a rebound.
3:31 of 3rd period - William Karlsson wins face-off versus Oliver Bjorkstrand in SAN JOSE BRONCOS zone.
4:45 of 3rd period - Ryan Pulock is hit by Elias Lindholm and loses puck.
4:52 of 3rd period - Shot by Vincent Hinostroza.
4:52 of 3rd period - Stopped by Jacob Markstrom without a rebound.
4:53 of 3rd period - Evgeni Malkin wins face-off versus Tomas Nosek in SAN JOSE BRONCOS zone.
5:55 of 3rd period - Minor Penalty to Chris Tanev for Holding.
5:56 of 3rd period - Nick Bonino wins face-off versus William Karlsson in SAN JOSE BRONCOS zone.
6:07 of 3rd period - Shot by Ryan Pulock.
6:07 of 3rd period - Stopped by Jacob Markstrom with a rebound.
8:28 of 3rd period - Shot by Blake Coleman.
8:28 of 3rd period - Deflect By Leo Komarov.
8:28 of 3rd period - Stopped by Jacob Markstrom without a rebound.
8:29 of 3rd period - Brayden Point wins face-off versus William Karlsson in SAN JOSE BRONCOS zone.
10:00 of 3rd period - Marco Scandella is hit by Colton Sceviour and loses puck.
10:27 of 3rd period - Shot by Evgeni Malkin.
10:27 of 3rd period - Stopped by Thomas Greiss with a rebound.
10:29 of 3rd period - Shot by Evgeni Malkin.
10:29 of 3rd period - Goal by Evgeni Malkin - RENO LIONS : 2 - SAN JOSE BRONCOS : 1.
10:30 of 3rd period - William Karlsson wins face-off versus Tyler Motte in neutral zone.
10:45 of 3rd period - Shot by William Karlsson.
10:45 of 3rd period - Stopped by Jacob Markstrom without a rebound.
10:46 of 3rd period - Evgeni Malkin wins face-off versus Elias Pettersson in SAN JOSE BRONCOS zone.
11:29 of 3rd period - Jaccob Slavin is hit by Elias Pettersson and loses puck.
12:21 of 3rd period - Shot by Anthony Beauvillier.
12:21 of 3rd period - Goal by Anthony Beauvillier - RENO LIONS : 2 - SAN JOSE BRONCOS : 2.
12:22 of 3rd period - Elias Lindholm wins face-off versus Tomas Nosek in neutral zone.
12:27 of 3rd period - Shot by Oliver Bjorkstrand.
12:27 of 3rd period - Stopped by Thomas Greiss without a rebound.
12:28 of 3rd period - Tomas Nosek wins face-off versus Oliver Bjorkstrand in RENO LIONS zone.
12:30 of 3rd period - Blake Coleman is hit by Elias Lindholm and loses puck.
12:36 of 3rd period - Blake Coleman is hit by Matt Irwin and loses puck.
12:39 of 3rd period - Shot by Blake Coleman.
12:39 of 3rd period - Shot Misses the Net.
12:41 of 3rd period - Shot by Blake Coleman.
12:41 of 3rd period - Stopped by Jacob Markstrom without a rebound.
12:42 of 3rd period - Evgeni Malkin wins face-off versus Elias Pettersson in SAN JOSE BRONCOS zone.
13:03 of 3rd period - Shot by Evgeni Malkin.
13:03 of 3rd period - Shot Misses the Net.
13:35 of 3rd period - Icing by Chris Tanev.
13:36 of 3rd period - Evgeni Malkin wins face-off versus William Karlsson in SAN JOSE BRONCOS zone.
13:42 of 3rd period - Evgeni Malkin is hit by Oliver Ekman-Larsson.
14:08 of 3rd period - Shot by Cam Atkinson.
14:08 of 3rd period - Stopped by Jacob Markstrom without a rebound.
14:09 of 3rd period - Nick Bonino wins face-off versus Tomas Nosek in SAN JOSE BRONCOS zone.
14:19 of 3rd period - Icing by Jacob Trouba.
14:20 of 3rd period - Brayden Point wins face-off versus Tomas Nosek in RENO LIONS zone.
14:38 of 3rd period - Shot by Neal Pionk.
14:38 of 3rd period - Shot Misses the Net.
14:40 of 3rd period - Shot by Brayden Point.
14:40 of 3rd period - Shot Misses the Net.
14:55 of 3rd period - Minor Penalty to Elias Lindholm for Roughing.
14:56 of 3rd period - Nick Bonino wins face-off versus Elias Pettersson in SAN JOSE BRONCOS zone.
15:52 of 3rd period - Icing by Jacob Trouba.
15:53 of 3rd period - Evgeni Malkin wins face-off versus William Karlsson in RENO LIONS zone.
16:23 of 3rd period - Shot by William Karlsson.
16:23 of 3rd period - Shot Misses the Net.
16:25 of 3rd period - Shot by Oliver Ekman-Larsson.
16:25 of 3rd period - Stopped by Jacob Markstrom without a rebound.
16:26 of 3rd period - Nick Bonino wins face-off versus Elias Pettersson in SAN JOSE BRONCOS zone.
16:39 of 3rd period - Shot by Oscar Klefbom.
16:39 of 3rd period - Deflect By Evgeny Dadonov.
16:39 of 3rd period - Shot Misses the Net.
17:13 of 3rd period - Shot by Tomas Nosek.
17:13 of 3rd period - Shot Misses the Net.
17:15 of 3rd period - Shot by Ethan Bear.
17:15 of 3rd period - Shot Misses the Net.
17:28 of 3rd period - Minor Penalty to Marco Scandella for Hooking.
17:29 of 3rd period - William Karlsson wins face-off versus Evgeni Malkin in SAN JOSE BRONCOS zone.
17:46 of 3rd period - Shot by Anders Lee.
17:46 of 3rd period - Deflect By Cam Atkinson.
17:46 of 3rd period - Shot Misses the Net.
17:48 of 3rd period - Shot by William Karlsson.
17:48 of 3rd period - Stopped by Jacob Markstrom with a rebound.
18:21 of 3rd period - Jacob Trouba is hit by Claude Giroux.
18:27 of 3rd period - Shot by Claude Giroux.
18:27 of 3rd period - Stopped by Thomas Greiss with a rebound.
18:29 of 3rd period - Shot by Claude Giroux.
18:29 of 3rd period - Stopped by Thomas Greiss without a rebound.
18:30 of 3rd period - Evgeni Malkin wins face-off versus Elias Pettersson in RENO LIONS zone.
18:39 of 3rd period - Shot by Elias Pettersson.
18:39 of 3rd period - Stopped by Jacob Markstrom without a rebound.
18:40 of 3rd period - Nick Bonino wins face-off versus Elias Pettersson in SAN JOSE BRONCOS zone.
18:40 of 3rd period - Nick Bonino is hit by Elias Pettersson.
19:06 of 3rd period - Shot by Oliver Bjorkstrand.
19:06 of 3rd period - Stopped by Thomas Greiss with a rebound.
19:48 of 3rd period - Shot by Tyler Motte.
19:48 of 3rd period - Stopped by Thomas Greiss with a rebound.
19:50 of 3rd period - Shot by Tyler Motte.
19:50 of 3rd period - Deflect By Charlie Coyle.
19:50 of 3rd period - Stopped by Thomas Greiss with a rebound.
19:52 of 3rd period - Shot by Charlie Coyle.
19:52 of 3rd period - Shot Misses the Net.
Goals for this period are 0 for RENO LIONS vs 2 for SAN JOSE BRONCOS.
Shots for this period are 10 for RENO LIONS vs 10 for SAN JOSE BRONCOS.

Overtime #1


0:01 of 1st overtime period - William Karlsson wins face-off versus Claude Giroux in neutral zone.
0:19 of 1st overtime period - Icing by Jaccob Slavin.
0:20 of 1st overtime period - Claude Giroux wins face-off versus William Karlsson in SAN JOSE BRONCOS zone.
0:29 of 1st overtime period - Shot by Claude Giroux.
0:29 of 1st overtime period - Shot Misses the Net.
0:49 of 1st overtime period - Shot by William Karlsson.
0:49 of 1st overtime period - Shot Misses the Net.
1:33 of 1st overtime period - Shot by Evgeni Malkin.
1:33 of 1st overtime period - Stopped by Thomas Greiss without a rebound.
1:34 of 1st overtime period - Evgeni Malkin wins face-off versus Pierre-Luc Dubois in RENO LIONS zone.
1:50 of 1st overtime period - Shot by Evgeni Malkin.
1:50 of 1st overtime period - Shot Misses the Net.
1:52 of 1st overtime period - Shot by Evgeni Malkin.
1:52 of 1st overtime period - Shot Misses the Net.
1:54 of 1st overtime period - Shot by Evgeni Malkin.
1:54 of 1st overtime period - Stopped by Thomas Greiss without a rebound.
1:55 of 1st overtime period - Claude Giroux wins face-off versus William Karlsson in RENO LIONS zone.
2:49 of 1st overtime period - Shot by Pierre-Luc Dubois.
2:49 of 1st overtime period - Shot Misses the Net.
3:13 of 1st overtime period - Shot by Evgeny Dadonov.
3:13 of 1st overtime period - Stopped by Jacob Markstrom without a rebound.
3:14 of 1st overtime period - Claude Giroux wins face-off versus Pierre-Luc Dubois in SAN JOSE BRONCOS zone.
3:16 of 1st overtime period - Icing by Brayden Point.
3:17 of 1st overtime period - William Karlsson wins face-off versus Claude Giroux in SAN JOSE BRONCOS zone.
4:09 of 1st overtime period - Icing by Pierre-Luc Dubois.
4:10 of 1st overtime period - Evgeni Malkin wins face-off versus Pierre-Luc Dubois in RENO LIONS zone.
4:38 of 1st overtime period - Icing by Jacob Trouba.
4:39 of 1st overtime period - Claude Giroux wins face-off versus Pierre-Luc Dubois in RENO LIONS zone.
4:46 of 1st overtime period - Shot by Brayden Point.
4:46 of 1st overtime period - Deflect By Claude Giroux.
4:46 of 1st overtime period - Stopped by Thomas Greiss without a rebound.
4:47 of 1st overtime period - Claude Giroux wins face-off versus William Karlsson in RENO LIONS zone.
4:54 of 1st overtime period - Shot by Claude Giroux.
4:54 of 1st overtime period - Shot Misses the Net.
Goals for this period are 0 for RENO LIONS vs 0 for SAN JOSE BRONCOS.
Shots for this period are 1 for RENO LIONS vs 3 for SAN JOSE BRONCOS.

ShootOut


5:00 of 1st overtime period - Round #1.
5:00 of 1st overtime period - RENO LIONS, Elias Pettersson.
5:00 of 1st overtime period - Shot Misses the Net.
5:00 of 1st overtime period - SAN JOSE BRONCOS, Evgeni Malkin.
5:00 of 1st overtime period - Shot Misses the Net.
5:00 of 1st overtime period - Round #2.
5:00 of 1st overtime period - RENO LIONS, Pierre-Luc Dubois.
5:00 of 1st overtime period - Shot Misses the Net.
5:00 of 1st overtime period - SAN JOSE BRONCOS, Brayden Point.
5:00 of 1st overtime period - Stopped by Thomas Greiss.
5:00 of 1st overtime period - Round #3.
5:00 of 1st overtime period - RENO LIONS, Evgeny Dadonov.
5:00 of 1st overtime period - Goal by Evgeny Dadonov.
5:00 of 1st overtime period - SAN JOSE BRONCOS, Elias Lindholm.
5:00 of 1st overtime period - Stopped by Thomas Greiss.


SEBASTIAN
AHO
MARK
SCHEIFELE
JAKE
OETTINGER

EAST COAST

HOCKEY LEAGUE

  • 17.QUE3CHI2
  • 18.CHA2LIM4
  • 19.TRV3LON2
  • 20.CHW1BAL2
  • 21.PITMAN
  • 22.ATLNHW
  • 23.WORPET
  • 24.RHI